Map: Last Remnant

Players

Edium

  • Race: Protoss Protoss
  • Spawn Location: 7:00

Niki

  • Race: Protoss Protoss
  • Spawn Location: 9:00

ElHogar

  • Race: Zerg Zerg
  • Spawn Location: 6:00

evobus

  • Race: Terran Terran
  • Spawn Location: 6:00

Unborn

  • Race: Zerg Zerg
  • Spawn Location: 12:00

SlasherBash

  • Race: Protoss Protoss
  • Spawn Location: 12:00

Octo

  • Race: Protoss Protoss
  • League: Gold
  • Spawn Location: 1:00

prométhés

  • Race: Protoss Protoss
  • Spawn Location: 3:00

VOD

Have the link to the VOD?

Description

Time

  • Played on: July 1, 2017, 1:56 p.m.
  • Length: 11:07
Show
View Real Time Build Order
Export as new Build Order

Edium Protoss 

Build Orders: Nexus First 

Get SALT Encoding   

  12  0:02  Probe (Chrono Boost)  
  13  0:13  Probe (Chrono Boost)  
  14  0:23  Probe (Chrono Boost)  
  15  0:51  Nexus  
  15  0:56  Pylon  
  15  1:00  Assimilator  
  15  1:05  Assimilator  
  15  1:15  Probe (Chrono Boost)  
  16  1:20  Gateway  
  16  1:25  Probe (Chrono Boost)  
  17  1:36  Probe (Chrono Boost)  
  18  1:46  Probe (Chrono Boost)  
  19  1:57  Probe (Chrono Boost)  
  20  2:07  Probe (Chrono Boost)  
  21  2:08  Cybernetics Core  
  21  2:14  Probe (Chrono Boost)  
  22  2:18  Probe (Chrono Boost)  
  22  2:20  Assimilator  
  23  2:25  Probe (Chrono Boost)  
  23  2:28  Probe (Chrono Boost)  
  25  2:35  Assimilator, Probe (Chrono Boost)  
  26  2:39  Probe (Chrono Boost)  
  27  2:46  Probe (Chrono Boost)  
  27  2:48  Stargate  
  27  2:49  Probe (Chrono Boost)  
  29  2:56  Probe (Chrono Boost)  
  30  3:00  Probe (Chrono Boost)  
  31  3:07  Stargate, Probe (Chrono Boost)  
  31  3:11  Stargate  
  32  3:14  Probe (Chrono Boost)  
  32  3:15  Pylon  
  32  3:18  Probe (Chrono Boost)  
  34  3:25  Probe (Chrono Boost)  
  35  3:28  Probe (Chrono Boost)  
  36  3:35  Probe (Chrono Boost)  
  36  3:39  Forge, Probe (Chrono Boost)  
  38  3:46  Probe (Chrono Boost)  
  39  3:49  Probe (Chrono Boost)  
  40  3:58  Void Ray  
  44  4:12  Pylon  
  44  4:17  Pylon  
  44  4:25  Pylon  
  44  4:26  Protoss Shields Level 1  
  44  4:29  Pylon, Void Ray x2  
  44  4:30  Protoss Air Armor Level 1 (Chrono Boost)  
  44  4:31  Pylon  
  52  4:40  Void Ray  
  56  5:12  Void Ray x2  
  64  5:23  Void Ray, Photon Cannon  
  68  5:30  Photon Cannon  
  68  5:55  Void Ray  
  72  6:03  Void Ray  
  76  6:21  Protoss Air Weapons Level 1 (Chrono Boost)  
  56  6:53  Void Ray x3  
  64  7:09  Fleet Beacon  
  64  7:11  Pylon  
  64  7:14  Pylon  
  64  7:15  Nexus  
  64  7:18  Assimilator  
  64  7:35  Void Ray  
  64  7:36  Void Ray  
  72  7:40  Void Ray  
  72  8:34  Protoss Air Armor Level 2 (Chrono Boost)  
  72  8:41  Twilight Council  
  72  8:43  Pylon  
  72  8:44  Probe  
  72  8:46  Pylon  
  73  8:48  Pylon  
  73  8:55  Probe  
  74  9:05  Probe  
  75  9:16  Void Ray x2, Probe  
  75  9:17  Void Ray  
  88  9:27  Probe  
  89  9:37  Probe  
  89  9:43  Assimilator  
  90  9:48  Probe  
  91  9:58  Probe  
  91  9:59  Void Ray  
  96  10:07  Void Ray x2  
Show
View Real Time Build Order
Export as new Build Order

Niki Protoss 

Build Orders:  

Get SALT Encoding   

  12  0:03  Probe (Chrono Boost)  
  14  0:14  Probe (Chrono Boost)  
  14  0:24  Probe (Chrono Boost)  
  15  0:35  Pylon  
  15  0:53  Probe (Chrono Boost)  
  16  1:04  Probe (Chrono Boost)  
  17  1:14  Probe (Chrono Boost)  
  18  1:20  Gateway  
  18  1:21  Nexus  
  18  1:27  Assimilator  
  18  1:32  Assimilator  
  18  1:33  Probe (Chrono Boost)  
  19  1:41  Pylon  
  20  1:47  Probe (Chrono Boost)  
  20  1:57  Probe (Chrono Boost)  
  21  2:07  Assimilator  
  21  2:08  Probe (Chrono Boost)  
  22  2:12  Assimilator  
  22  2:19  Probe (Chrono Boost)  
  23  2:29  Pylon, Probe (Chrono Boost)  
  24  2:34  Pylon  
  24  2:38  Probe (Chrono Boost)  
  25  2:48  Probe (Chrono Boost)  
  25  2:51  Probe (Chrono Boost)  
  27  2:59  Probe (Chrono Boost)  
  27  3:01  Probe (Chrono Boost)  
  29  3:05  Cybernetics Core  
  29  3:09  Cybernetics Core, Probe (Chrono Boost)  
  31  3:12  Probe (Chrono Boost)  
  31  3:20  Probe (Chrono Boost)  
  32  3:28  Forge  
  32  3:37  Probe (Chrono Boost)  
  33  3:41  Probe (Chrono Boost)  
  33  3:47  Probe (Chrono Boost)  
  35  3:52  Probe (Chrono Boost)  
  36  3:58  Probe (Chrono Boost)  
  37  4:08  Nexus  
  37  4:11  Probe (Chrono Boost)  
  38  4:19  Stargate  
  38  4:21  Probe (Chrono Boost)  
  38  4:22  Probe (Chrono Boost)  
  40  4:28  Stargate  
  40  4:33  Probe (Chrono Boost)  
  40  4:34  Protoss Air Weapons Level 1 (Chrono Boost)  
  41  4:42  Stargate  
  41  4:45  Probe  
  42  4:47  Probe  
  42  4:52  Protoss Ground Weapons Level 1 (Chrono Boost)  
  43  4:57  Probe x2  
  43  4:59  Stargate  
  45  5:17  Fleet Beacon  
  45  5:22  Pylon  
  45  5:26  Pylon  
  45  5:27  Stargate, Probe  
  46  5:29  Probe  
  46  5:32  Probe  
  48  5:39  Pylon, Probe x2  
  50  5:49  Pylon  
  50  5:51  Pylon, Probe  
  50  5:52  Probe  
  50  5:53  Assimilator  
  50  5:56  Probe  
  52  5:59  Assimilator  
  52  6:03  Probe  
  53  6:06  Probe  
  61  6:13  Probe  
  61  6:14  Carrier (Chrono Boost)  
  62  6:22  Protoss Air Weapons Level 2 (Chrono Boost)  
  62  6:24  Probe  
  62  6:31  Forge  
  63  6:34  Forge  
  63  6:36  Pylon  
  63  6:37  Pylon  
  63  6:41  Twilight Council  
  63  6:46  Carrier (Chrono Boost), Probe  
  69  6:49  Probe  
  71  6:56  Probe  
  71  7:00  Probe  
  78  7:04  Carrier (Chrono Boost)  
  78  7:05  Mothership Core  
  78  7:07  Protoss Air Armor Level 1 (Chrono Boost), Probe  
  82  7:16  Carrier (Chrono Boost)  
  82  7:21  Carrier (Chrono Boost)  
  94  7:28  Photon Cannon  
  94  7:29  Photon Cannon  
  94  7:34  Photon Cannon  
  94  7:39  Probe  
  94  7:42  Probe  
  96  7:47  Protoss Ground Weapons Level 2 (Chrono Boost)  
  96  7:50  Probe  
  96  7:52  Protoss Ground Armor Level 1 (Chrono Boost)  
  96  7:53  Probe  
  96  7:54  Protoss Shields Level 1 (Chrono Boost)  
  98  8:00  Pylon  
  98  8:05  Photon Cannon  
  98  8:08  Photon Cannon  
  104  8:18  Carrier  
  110  8:22  Carrier  
  116  8:29  Photon Cannon  
  116  8:34  Carrier  
  122  8:46  Protoss Air Weapons Level 3 (Chrono Boost)  
  122  8:57  Photon Cannon  
  122  8:59  Photon Cannon  
  122  9:01  Photon Cannon  
  122  9:02  Pylon  
  122  9:10  Carrier  
  128  9:24  Pylon  
  128  9:26  Pylon  
  128  9:27  Pylon  
  128  9:29  Pylon  
  128  9:30  Pylon  
  128  9:34  Pylon  
  128  9:35  Pylon  
  128  9:36  Carrier  
  134  9:48  Stargate x2  
  134  9:56  Stargate  
  134  10:03  Robotics Facility  
  134  10:08  Photon Cannon x2  
  134  10:11  Photon Cannon  
  134  10:12  Photon Cannon  
  134  10:16  Photon Cannon  
  134  10:19  Photon Cannon  
  140  10:31  Nexus  
  140  10:36  Pylon  
  140  11:00  Pylon  
  140  11:02  Pylon  
Show
View Real Time Build Order
Export as new Build Order

ElHogar Zerg 

Build Orders: Pool First 

Get SALT Encoding   

  12  0:06  Drone  
  13  0:09  Drone  
  14  0:36  Spawning Pool  
  13  1:02  Extractor  
  12  1:07  Extractor  
  12  1:11  Drone x3  
  14  1:37  Roach Warren  
  13  2:00  Drone x2, Hatchery  
  14  2:02  Overlord  
  14  2:19  Lair  
  14  2:22  Roach  
  16  2:47  Roach x3  
  22  3:00  Overlord  
  22  3:16  Roach  
  24  3:20  Glial Reconstitution  
  24  3:23  Drone x2  
  24  3:26  Drone  
  27  3:47  Roach  
  27  3:48  Roach x2  
  33  3:51  Overlord  
  33  4:01  Drone x2  
  35  4:17  Roach x3  
  41  4:26  Roach  
  41  4:29  Overlord  
  43  4:47  Roach x3  
  41  5:26  Roach x5  
  35  6:07  Roach x5  
  35  6:08  Roach  
  47  6:18  Spire  
  46  6:50  Roach x3  
  46  6:52  Overlord x2  
  30  7:29  Drone x5  
  35  7:30  Drone  
  36  7:46  Drone x2  
  38  7:56  Hatchery  
  37  8:24  Drone x4  
  37  8:25  Drone x2  
  43  8:30  Queen  
  45  9:34  Roach x4  
  45  9:35  Roach x5  
  63  9:46  Extractor  
  63  9:52  Extractor  
  61  9:54  Drone x4  
  61  9:55  Drone  
  66  10:05  Hydralisk Den  
  65  10:28  Drone x4, Hatchery  
  67  10:29  Drone x5  
  67  10:34  Hatchery  
Show
View Real Time Build Order
Export as new Build Order

evobus Terran 

Build Orders: Command Center First (CC) 

Get SALT Encoding   

  12  0:37  SCV  
  13  0:49  SCV  
  14  0:54  Supply Depot  
  14  1:01  SCV  
  15  1:15  SCV  
  16  1:27  SCV  
  17  1:36  Command Center  
  17  1:39  SCV  
  18  1:48  Barracks  
  18  1:52  SCV  
  18  1:54  Refinery  
  19  1:55  Refinery  
  19  2:04  SCV  
  20  2:16  SCV  
  20  2:17  Refinery  
  21  2:24  Refinery  
  21  2:25  Supply Depot  
  21  2:28  SCV  
  22  2:40  SCV  
  23  2:52  SCV  
  23  2:53  Command Center  
  23  2:55  SCV  
  25  2:59  Refinery  
  25  3:07  SCV  
  25  3:10  Orbital Command  
  26  3:19  SCV  
  27  3:24  Barracks Tech Lab  
  27  3:31  SCV  
  28  3:35  Factory  
  28  3:44  SCV  
  28  3:45  Refinery  
  29  3:56  SCV  
  29  4:01  SCV  
  31  4:08  SCV  
  32  4:13  SCV  
  33  4:17  Supply Depot  
  33  4:20  SCV  
  34  4:25  SCV  
  34  4:28  Starport  
  34  4:30  Starport  
  35  4:32  SCV  
  35  4:35  Starport  
  35  4:37  SCV  
  37  4:40  Armory  
  37  4:41  SCV  
  37  4:44  SCV  
  39  4:49  SCV  
  40  4:54  SCV  
  40  4:56  SCV  
  40  4:58  Supply Depot  
  42  5:02  SCV  
  42  5:06  SCV  
  44  5:07  Starport  
  44  5:08  SCV  
  44  5:13  Starport Tech Lab  
  45  5:16  Starport Tech Lab  
  45  5:18  SCV, Starport Tech Lab  
  45  5:20  SCV, Starport  
  47  5:30  SCV  
  47  5:32  Terran Vehicle And Ship Armor Level 1, SCV  
  47  5:33  Armory  
  49  5:36  Hyperflight Rotors  
  49  5:38  Cloaking Field  
  49  5:42  SCV  
  50  5:43  Banshee  
  50  5:45  SCV  
  50  5:46  Starport Tech Lab  
  54  5:54  SCV, Banshee  
  59  5:57  Starport Tech Lab  
  59  6:01  Banshee  
  62  6:06  SCV, Orbital Command  
  62  6:18  Banshee x2, SCV  
  69  6:26  Banshee  
  69  6:28  Terran Ship Weapons Level 1  
  69  6:30  SCV  
  73  6:37  Banshee  
  76  6:42  SCV  
  76  6:43  Starport  
  76  6:46  Starport, Supply Depot  
  77  6:48  Supply Depot  
  77  6:50  Supply Depot  
  77  6:54  Banshee  
  77  7:01  Banshee  
  84  7:02  Orbital Command  
  84  7:08  Banshee, Supply Depot  
  86  7:12  Supply Depot  
  86  7:16  Banshee  
  89  7:27  Starport Tech Lab  
  89  7:30  Banshee, Starport Tech Lab  
  89  7:35  Terran Vehicle And Ship Armor Level 2  
  92  7:37  Banshee  
  92  7:44  Banshee  
  98  7:49  SCV  
  99  7:56  Banshee x2  
  105  8:01  SCV, Banshee  
  109  8:08  Banshee  
  112  8:13  Banshee, SCV  
  116  8:25  SCV  
  117  8:37  SCV  
  91  9:52  Banshee x3  
  91  9:53  Banshee x4  
Show
View Real Time Build Order
Export as new Build Order

Unborn Zerg 

Build Orders: Hatch First 

Get SALT Encoding   

  12  0:18  Drone  
  12  0:19  Drone  
  14  0:30  Overlord x2  
  14  0:47  Overlord  
  14  0:53  Drone  
  15  1:05  Drone  
  16  1:24  Drone x2  
  18  1:29  Hatchery  
  17  1:45  Spawning Pool, Drone  
  17  1:52  Extractor  
  16  1:56  Extractor  
  16  1:57  Drone x2  
  18  2:08  Drone  
  18  2:29  Drone x2  
  20  2:35  Queen  
  22  2:44  Drone  
  23  2:49  Drone  
  24  3:02  Drone  
  24  3:03  Drone  
  26  3:12  Drone x3  
  29  3:23  Drone x2  
  31  3:49  Drone x5  
  36  4:10  Extractor  
  36  4:16  Drone x2  
  37  4:18  Extractor  
  37  4:22  Drone x3  
  39  4:43  Lair  
  39  4:49  Drone x3  
  42  5:11  Roach Warren  
  41  5:15  Evolution Chamber  
  40  5:32  Zergling x2  
  40  5:33  Zergling x6  
  44  5:38  Overlord x4  
  44  5:59  Hydralisk Den, Zerg Missile Weapons Level 1  
  43  6:14  Glial Reconstitution  
  43  6:16  Metabolic Boost  
  43  6:20  Drone x2  
  34  6:53  Drone x3  
  34  6:54  Drone x3  
  40  7:00  Evolution Chamber  
  39  7:02  Evolution Chamber  
  38  7:09  Drone  
  39  7:29  Hydralisk x4  
  41  7:30  Hydralisk x3  
  41  7:33  Tunneling Claws  
  41  7:35  Zerg Melee Weapons Level 1  
  41  7:36  Zerg Ground Armor Level 1  
  53  7:38  Muscular Augments  
  53  7:52  Infestation Pit  
  52  8:00  Hydralisk  
  52  8:01  Hydralisk x6  
  52  8:02  Hydralisk  
  65  8:29  Drone  
  65  8:32  Hydralisk x3  
  65  8:33  Hydralisk x2  
  76  8:47  Overseer  
  76  9:29  Hatchery  
  73  10:08  Hatchery  
  73  10:12  Extractor  
  71  10:16  Overlord x3  
Show
View Real Time Build Order
Export as new Build Order

SlasherBash Protoss 

Build Orders:  

Get SALT Encoding   

  12  0:33  Probe (Chrono Boost)  
  13  0:43  Probe (Chrono Boost)  
  14  0:54  Probe (Chrono Boost)  
  14  0:56  Pylon  
  15  1:11  Nexus  
  15  1:17  Forge  
  15  1:27  Gateway  
  15  1:32  Probe (Chrono Boost)  
  16  1:43  Probe (Chrono Boost)  
  16  1:45  Pylon  
  17  1:50  Assimilator  
  17  2:16  Photon Cannon  
  17  2:26  Probe (Chrono Boost)  
  17  2:29  Probe (Chrono Boost)  
  19  2:36  Probe (Chrono Boost)  
  20  2:40  Probe (Chrono Boost)  
  20  2:41  Assimilator  
  21  2:46  Pylon  
  21  2:47  Probe (Chrono Boost)  
  21  2:50  Probe (Chrono Boost)  
  23  2:53  Cybernetics Core  
  23  2:57  Probe (Chrono Boost)  
  24  3:04  Assimilator  
  24  3:08  Probe (Chrono Boost)  
  24  3:09  Assimilator  
  24  3:10  Pylon  
  24  3:12  Pylon  
  25  3:18  Probe (Chrono Boost)  
  25  3:19  Zealot  
  28  3:25  Probe (Chrono Boost)  
  29  3:29  Probe (Chrono Boost)  
  29  3:33  Photon Cannon  
  30  3:35  Probe (Chrono Boost)  
  30  3:39  Probe (Chrono Boost)  
  32  3:46  Probe (Chrono Boost)  
  33  3:56  Probe (Chrono Boost)  
  33  3:58  Photon Cannon  
  34  4:07  Probe (Chrono Boost)  
  34  4:09  Photon Cannon  
  35  4:14  Stargate  
  35  4:17  Probe (Chrono Boost)  
  36  4:24  Pylon  
  36  4:28  Probe (Chrono Boost)  
  37  4:32  Stargate  
  37  4:38  Probe (Chrono Boost)  
  38  4:46  Photon Cannon  
  38  4:48  Photon Cannon  
  38  4:50  Photon Cannon  
  38  4:57  Mothership Core (Chrono Boost)  
  38  4:59  Void Ray (Chrono Boost)  
  44  5:05  Stargate  
  44  5:09  Pylon  
  44  5:28  Void Ray (Chrono Boost)  
  46  5:37  Protoss Air Weapons Level 1 (Chrono Boost)  
  46  5:41  Void Ray (Chrono Boost)  
  48  6:09  Void Ray x2 (Chrono Boost)  
  44  6:45  Void Ray (Chrono Boost)  
  48  6:53  Void Ray (Chrono Boost), Photon Cannon  
  52  7:02  Void Ray  
  56  7:26  Void Ray  
  60  7:46  Nexus  
  60  7:56  Void Ray  
  60  7:57  Void Ray, Photon Cannon  
  68  8:08  Protoss Air Armor Level 1 (Chrono Boost), Probe  
  68  8:09  Void Ray, Photon Cannon  
  73  8:20  Probe  
  74  8:31  Photon Cannon  
  74  8:32  Probe  
  75  8:40  Photon Cannon  
  75  8:51  Phoenix  
  76  9:43  Nexus  
  76  10:08  Nexus  
  76  10:12  Assimilator  
  76  10:17  Assimilator  
  76  10:21  Pylon  
  76  10:36  Photon Cannon  
  76  10:41  Robotics Facility  
Show
View Real Time Build Order
Export as new Build Order

Octo Protoss 

Build Orders:  

Get SALT Encoding   

  12  0:01  Probe (Chrono Boost)  
  13  0:12  Probe (Chrono Boost)  
  14  0:21  Pylon  
  14  0:22  Probe (Chrono Boost)  
  15  0:39  Probe (Chrono Boost)  
  16  0:46  Gateway  
  17  0:50  Probe (Chrono Boost)  
  17  1:00  Probe (Chrono Boost)  
  19  1:11  Probe (Chrono Boost)  
  19  1:15  Assimilator  
  19  1:17  Assimilator  
  19  1:36  Zealot  
  21  1:46  Probe (Chrono Boost)  
  22  1:55  Nexus  
  22  1:56  Probe (Chrono Boost)  
  23  2:26  Pylon  
  23  2:28  Pylon  
  23  2:34  Cybernetics Core  
  23  2:41  Pylon  
  23  2:44  Probe (Chrono Boost)  
  23  2:48  Gateway  
  23  2:49  Zealot  
  26  3:08  Probe x2 (Chrono Boost)  
  28  3:16  Forge  
  28  3:20  Probe x2 (Chrono Boost)  
  30  3:34  Stargate  
  30  3:36  Stargate  
  30  3:43  Probe x2 (Chrono Boost)  
  30  3:47  Stalker  
  34  4:02  Probe x2 (Chrono Boost)  
  36  4:08  Stalker  
  38  4:13  Mothership Core (Chrono Boost)  
  40  4:30  Probe (Chrono Boost)  
  40  4:31  Probe (Chrono Boost)  
  42  4:49  Photon Cannon  
  42  4:52  Void Ray x2, Photon Cannon  
  46  4:54  Photon Cannon  
  46  4:58  Assimilator  
  50  5:00  Probe (Chrono Boost), Assimilator  
  50  5:01  Probe (Chrono Boost)  
  52  5:11  Probe x2 (Chrono Boost)  
  54  5:22  Probe (Chrono Boost)  
  55  5:32  Fleet Beacon  
  55  5:35  Void Ray  
  59  5:41  Stalker  
  61  6:18  Pylon  
  61  6:19  Pylon  
  61  6:23  Pylon  
  61  6:36  Carrier (Chrono Boost), Stalker  
  61  6:37  Void Ray  
  73  7:13  Robotics Facility  
  71  7:20  Void Ray (Chrono Boost)  
  75  8:01  Void Ray (Chrono Boost)  
  75  8:03  Observer, Phoenix (Chrono Boost)  
  81  9:27  Pylon  
  81  9:29  Pylon  
  81  9:33  Pylon  
  81  9:36  Nexus  
  81  9:49  Carrier (Chrono Boost)  
  93  9:57  Pylon  
  93  10:00  Pylon  
  93  10:01  Observer  
Show
View Real Time Build Order
Export as new Build Order

prométhés Protoss 

Build Orders:  

Get SALT Encoding   

  12  0:03  Probe (Chrono Boost)  
  13  0:19  Probe (Chrono Boost)  
  14  0:22  Pylon  
  14  0:29  Probe (Chrono Boost)  
  15  0:40  Probe (Chrono Boost)  
  16  0:47  Forge  
  16  0:51  Probe (Chrono Boost)  
  16  0:53  Pylon  
  17  1:02  Probe (Chrono Boost)  
  18  1:06  Assimilator  
  18  1:12  Probe (Chrono Boost)  
  19  1:22  Photon Cannon  
  19  1:23  Probe (Chrono Boost)  
  20  1:31  Photon Cannon  
  20  1:34  Probe (Chrono Boost)  
  21  1:45  Probe (Chrono Boost)  
  22  1:47  Assimilator  
  22  1:55  Pylon, Probe (Chrono Boost)  
  23  2:05  Gateway  
  23  2:09  Probe (Chrono Boost)  
  24  2:19  Probe (Chrono Boost)  
  25  2:29  Nexus  
  26  2:30  Probe (Chrono Boost)  
  26  2:37  Pylon  
  26  2:40  Probe (Chrono Boost)  
  27  2:51  Probe (Chrono Boost)  
  28  2:57  Cybernetics Core  
  28  3:01  Probe (Chrono Boost)  
  28  3:05  Photon Cannon  
  29  3:12  Probe (Chrono Boost)  
  30  3:18  Assimilator  
  30  3:22  Probe (Chrono Boost), Photon Cannon  
  31  3:28  Assimilator  
  31  3:33  Probe (Chrono Boost)  
  33  3:41  Probe (Chrono Boost)  
  33  3:43  Probe (Chrono Boost)  
  34  3:50  Stargate  
  34  3:52  Probe (Chrono Boost)  
  34  3:54  Probe (Chrono Boost)  
  36  3:58  Stargate  
  36  4:02  Probe (Chrono Boost)  
  37  4:04  Pylon  
  37  4:08  Probe (Chrono Boost)  
  38  4:18  Probe (Chrono Boost), Photon Cannon  
  38  4:23  Photon Cannon  
  39  4:29  Pylon, Probe (Chrono Boost)  
  40  4:35  Photon Cannon  
  40  4:41  Photon Cannon  
  40  4:43  Pylon  
  40  4:46  Probe (Chrono Boost)  
  41  4:57  Probe (Chrono Boost)  
  46  5:00  Void Ray (Chrono Boost)  
  46  5:07  Probe (Chrono Boost)  
  41  5:22  Void Ray (Chrono Boost)  
  49  5:47  Void Ray (Chrono Boost)  
  49  5:57  Nexus  
  49  6:01  Void Ray (Chrono Boost)  
  53  6:04  Probe  
  54  6:17  Probe  
  55  6:29  Probe  
  56  6:37  Nexus  
  44  6:58  Protoss Air Weapons Level 1  
  44  7:00  Protoss Shields Level 1  
  44  7:06  Probe  
  49  7:08  Void Ray (Chrono Boost)  
  49  7:09  Probe  
  50  7:18  Probe  
  50  7:20  Probe  
  52  7:30  Probe  
  52  7:31  Probe  
  52  7:34  Fleet Beacon  
  54  7:39  Pylon  
  54  7:41  Probe  
  54  7:43  Probe  
  56  7:47  Probe  
  57  7:55  Probe  
  57  7:58  Probe  
  58  8:00  Assimilator  
  58  8:05  Assimilator  
  59  8:07  Pylon, Probe  
  59  8:08  Probe  
  59  8:10  Pylon  
  57  8:22  Carrier (Chrono Boost)  
  63  8:39  Stargate  
  69  8:41  Carrier (Chrono Boost)  
  69  8:46  Pylon  
  69  8:51  Photon Cannon  
  69  8:59  Robotics Facility  
  69  9:07  Pylon, Probe  
  70  9:11  Probe  
  71  9:17  Probe  
  71  9:23  Probe  
  79  9:27  Carrier (Chrono Boost)  
  79  9:28  Probe  
  79  9:31  Photon Cannon  
  80  9:35  Probe  
  81  9:39  Probe  
  81  9:44  Carrier (Chrono Boost)  
  88  9:48  Observer  
  89  9:57  Probe  
  96  10:06  Pylon  
  96  10:09  Pylon, Probe  
  97  10:14  Pylon  
  97  10:17  Pylon  
  97  10:19  Twilight Council  
  97  10:21  Probe  
  98  10:46  Nexus  
  98  10:50  Probe  
Tags
 
Add a new tag
Caveats
  • Supply blocks, unpowered buildings, or Contaminate may cause inaccurate times.
  • Supply counts are checked every 10 seconds.